AoeStats
← speedshiva

Highland

505084333Analyzed
2v2 RM · 24d ago on Sep 7, 2026· 69m 10s· 4 players
Game mode
Random Map
Map size
Medium (4 player)
Population
200
Speed
Normal
Resources
Standard
Victory
Conquest
Starting age
Dark Age
Ending age
Imperial Age
RankedLock teamsTeams togetherTeam positionsShared explorationLock speedFull tech treeHidden civsTurbo modeCheats
Victory
Defeat
🇫🇷 Slavs · France
800
+19
🇫🇷 Portuguese · France
794
+19
🇫🇷 Hindustanis · France
863
-23
🇫🇷 Franks · France
863
-23
Niko
0:28 Loom
11:40 Feudal Age
12:10 Double-Bit Axe
12:09 Horse Collar
12:23 Gold Mining
12:26 Stone Mining
15:11 Wheelbarrow
21:47 Castle Age
22:35 Forging
22:26 Scale Mail Armor
21:53 Pikeman
23:34 Bow Saw
23:27 Heavy Plow
24:05 Gold Shaft Mining
23:33 Caravan
26:23 Squires
28:22 Detinets
30:10 Elite Skirmisher
32:13 Hand Cart
35:57 Imperial Age
36:17 Halberdier
37:16 Chain Mail Armor
38:12 Conscription
45:54 Cavalier
46:39 Husbandry
46:53 Heavy Scorpion
51:36 Man-at-Arms
52:24 Long Swordsman
52:55 Two-Handed Swordsman
THYMA
0:50 Loom
10:16 Feudal Age
11:00 Double-Bit Axe
10:57 Horse Collar
12:43 Gold Mining
20:22 Castle Age
19:16 Stone Mining
22:32 Heavy Plow
22:46 Bow Saw
25:31 Fletching
30:53 Imperial Age
30:17 Stone Shaft Mining
31:30 Forging
31:21 Scale Mail Armor
32:41 Crop Rotation
33:14 Two-Man Saw
33:18 Wheelbarrow
35:23 Hand Cart
37:22 Iron Casting
36:52 Scale Barding Armor
36:43 Bodkin Arrow
36:49 Padded Archer Armor
37:04 Chain Mail Armor
37:27 Pikeman
39:11 Blast Furnace
38:16 Halberdier
40:27 Chemistry
39:38 Masonry
39:10 Treadmill Crane
41:09 Ballistics
41:00 Fortified Wall
40:46 Murder Holes
42:02 Architecture
41:56 Elite Organ Gun
43:15 Plate Mail Armor
43:54 Bracer
44:10 Leather Archer Armor
45:42 Town Watch
45:59 Caravan
46:18 Town Patrol
48:08 Arquebus
59:19 Leather Archer Armor
69:29 Arson
BURGER KING
7:41 Loom
10:34 Feudal Age
11:03 Double-Bit Axe
13:04 Horse Collar
14:30 Gold Mining
15:46 Wheelbarrow
18:55 Stone Mining
21:31 Castle Age
20:08 Bloodlines
20:00 Man-at-Arms
22:59 Hand Cart
23:01 Heavy Plow
23:52 Scale Mail Armor
24:37 Light Cavalry
25:17 Husbandry
26:15 Scale Barding Armor
26:30 Long Swordsman
29:32 Bow Saw
30:01 Gold Shaft Mining
30:01 Stone Shaft Mining
32:12 Chain Barding Armor
35:41 Imperial Age
36:03 Grand Trunk Road
36:51 Forging
36:42 Siege Elephant
37:48 Heavy Camel Rider
39:47 Siege Engineers
39:34 Imperial Camel Rider
43:55 Chemistry
43:16 Ballistics
44:06 Elite Ghulam
44:49 Shatagni
45:09 Conscription
48:57 Thumb Ring
56:03 Fletching
60:49 Hussar
65:55 Coinage
65:26 Caravan
speedshiva
8:02 Loom
11:43 Feudal Age
13:05 Double-Bit Axe
13:16 Gold Mining
16:45 Wheelbarrow
16:34 Stone Mining
17:30 Scale Barding Armor
20:22 Town Watch
23:12 Castle Age
24:01 Husbandry
24:54 Bow Saw
25:28 Gold Shaft Mining
26:22 Forging
27:53 Hand Cart
28:12 Chain Barding Armor
28:37 Town Patrol
30:03 Iron Casting
34:48 Imperial Age
33:48 #83
35:44 Ballistics
35:56 Conscription
36:02 Conscription
36:29 Hoardings
37:02 Blast Furnace
36:14 Cavalier
38:19 Elite Throwing Axeman
40:22 Plate Barding Armor
42:59 Paladin
59:43 Squires
59:14 Pikeman
63:13 Padded Archer Armor
66:51 Light Cavalry
68:04 Halberdier
68:31 Arson
69:08 Scale Mail Armor
Connection lost

Rejoining the realm…

Still unreachable

The connection could not be restored.

Session expired

The server has moved on; the page needs a fresh start.